 Dungeon Crawl Stone Soup version 0.18.1-6-gd335043 (webtiles) character file.

351 Gingerlord the Skirmisher (level 6, -5/49 HPs)
             Began as a Formicid Abyssal Knight on May 17, 2016.
             Was a Believer of Lugonu.
             Slain by an iguana (7 damage)
             ... on level 5 of the Dungeon.
             The game lasted 00:05:45 (3407 turns).

Gingerlord the Skirmisher (Formicid Abyssal Knight) Turns: 3407, Time: 00:05:46

Health: -5/49      AC: 10    Str: 14 (17) XL:     6   Next: 93%
Magic:  8/8        EV:  8    Int: 10 (11) God:    Lugonu [**....]
Gold:   257        SH:  7    Dex: 11 (12) Spells: 0 memorised, 5 levels left

rFire  + . .     SeeInvis +     h - +2 falchion (holy)
rCold  + . .     Gourm    .     k - +1 ring mail {rF+}
rNeg   . . .     Faith    .     p - +0 shield
rPois  .         Spirit   .     (helmet unavailable)
rElec  .         Dismiss  .     j - +0 cloak
rCorr  .         Reflect  .     (no gloves)
SustAt .         Harm     .     (no boots)
MR     .....                    o - amulet of inaccuracy (curse)
Stlth  +.........               l - +2 ring of protection
                                f - ring of flight

@: not resistant to hostile enchantments, very unstealthy
A: permanent stasis, dig shafts and tunnels, four strong arms, antennae 3, cold
resistance 1
a: Dig, Shaft Self, Depart the Abyss, Bend Space, Renounce Religion, Evoke
Flight


You were on level 5 of the Dungeon.
You worshipped Lugonu.
Lugonu was pleased with you.
You were hungry.

You visited 1 branch of the dungeon, and saw 5 of its levels.
You visited the Abyss 1 time.

You collected 257 gold pieces.

Inventory:

Hand Weapons
 h - a +2 falchion of holy wrath (weapon)
Armour
 j - a +0 cloak (worn)
 k - a +1 ring mail of fire resistance (worn)
 p - a +0 shield (worn)
Jewellery
 f - a ring of flight (left hand)
 l - a +2 ring of protection (right hand)
 o - a cursed amulet of inaccuracy (around neck)
Scrolls
 a - a scroll of amnesia {unknown}
Potions
 d - a potion of mutation
 g - a potion of heal wounds {unknown}
 i - a potion of berserk rage {unknown}
 m - a potion of cancellation {unknown}
Comestibles
 c - 4 bread rations


   Skills:
 + Level 4.5 Fighting
 + Level 3.4 Long Blades
 + Level 3.7 Armour
 + Level 2.6 Dodging
 + Level 1.3 Shields
 + Level 3.8 Invocations


You had 5 spell levels left.
You didn't know any spells.

Dungeon Overview and Level Annotations

Branches:
Dungeon (5/15)
 Temple: D:4-7

Altars:
Dithmenos
Fedhas
Pakellas
Ru
Vehumet


Innate Abilities, Weirdness & Mutations

You are under a permanent stasis effect.
You can dig through walls and to a lower floor.
Your four strong arms can wield two-handed weapons with a shield.
You have a pair of large antennae on your head (SInv).
Your flesh is cold resistant.


Message History

You hit the iguana.
The iguana is severely wounded.
The iguana bites you.
* * * LOW HITPOINT WARNING * * *
You closely miss the iguana.
The iguana is severely wounded.
You block the iguana's attack.
Unknown command.
Drink which item? (? for menu, Esc to quit)
It was a potion of mutation.
You feel extremely strange. Fur sprouts all over your body.
You feel resistant to cold.
You shed all your fur.
The iguana bites you.
* * * LOW HITPOINT WARNING * * *
Drink which item? (? for menu, Esc to quit)
It was a potion of degeneration.
There was something very wrong with that liquid.
You feel weakened.
You feel dopey.
You feel clumsy. The iguana bites you!
You die...

..... . ##### .....#####
.# #...# .....#...##.#
##...# ............#
#....# ...........#
#....# ...........##
#....# ........l...#
#.....
.......@....#######.....
.#.##.?........#........
####.......#........
#(......#.....)..
#.......####.....
#......####......
.###................
#....................
.....................


You could see an iguana.

Vanquished Creatures
  2 crimson imps (D:5)
  An orc priest (D:4)
  Jessica (D:2)
  An orc wizard (D:4)
  11 adders
  2 oozes
  An adder zombie (D:5)
  3 worms
  A dart slug (D:2)
  2 giant geckos
  2 orcs
  4 ball pythons
  4 giant cockroaches
  11 goblins
  9 hobgoblins
  3 jackals (D:1)
  2 quokkas
  8 bats
  A giant gecko zombie (D:5)
  6 giant newts
  8 kobolds
  A rat (D:1)
84 creatures vanquished.

Vanquished Creatures (others)
  A hippogriff (D:5)
1 creature vanquished.

Grand Total: 85 creatures vanquished

Notes
Turn   | Place    | Note
--------------------------------------------------------------
     0 | Abyss:1  | Gingerlord the Formicid Abyssal Knight began the quest for the Orb.
     0 | Abyss:1  | Reached XP level 1. HP: 18/18 MP: 2/2
    39 | Abyss:1  | Noticed a crimson imp
    48 | D:1      | Escaped the Abyss
    95 | D:1      | Reached skill level 1 in Dodging
   111 | D:1      | Reached XP level 2. HP: 20/24 MP: 3/3
   302 | D:1      | Reached * piety under Lugonu
   308 | D:1      | Reached XP level 3. HP: 29/29 MP: 4/4
   746 | D:2      | Reached XP level 4. HP: 25/35 MP: 4/6
  1100 | D:2      | Noticed Jessica
  1108 | D:2      | Killed Jessica
  1108 | D:2      | Reached XP level 5. HP: 36/42 MP: 7/7
  1243 | D:2      | Reached ** piety under Lugonu
  1244 | D:2      | Reached skill level 4 in Fighting
  1363 | D:2      | Found a faded altar to an unknown god.
  1977 | D:3      | Found a blossoming altar of Fedhas.
  1984 | D:3      | Reached XP level 6. HP: 46/48 MP: 8/8
  2086 | D:3      | Found a radiant altar of Vehumet.
  2583 | D:3      | Found a shadowy altar of Dithmenos.
  2954 | D:4      | Found an oddly glowing altar of Pakellas.
  3067 | D:5      | Entered Level 5 of the Dungeon
  3242 | D:5      | Found a sacrificial altar of Ru.
  3284 | D:5      | Reached skill level 1 in Shields
  3363 | D:5      | Found an oddly glowing altar of Pakellas.
  3363 | D:5      | Noticed an orange crystal statue
  3364 | D:5      | Noticed a hippogriff
  3378 | D:5      | Killed a hippogriff
  3406 | D:5      | Gained mutation: You are covered in fur (AC +1). [potion of mutation]
  3406 | D:5      | Gained mutation: Your flesh is cold resistant. [potion of mutation]
  3406 | D:5      | Lost mutation: You are covered in fur (AC +1). [potion of mutation]
  3406 | D:5      | HP: 2/49 [iguana (5)]
  3407 | D:5      | Slain by an iguana

Skill      XL: |  1  2  3  4  5  6 |
---------------+-------------------+-----
Dodging        | 1 2 |  2.6
Armour         | 3 |  3.7
Invocations    | 3 |  3.8
Long Blades    | 3 |  3.4
Fighting       | 4 |  4.5
Shields        | 1 |  1.3

Action                   |  1- 3 |  4- 6 || total
-------------------------+-------+-------++-------
Melee: Falchion          |    81 |   266 ||   347
Invok: Depart the Abyss  |     1 |       ||     1
 Abil: Dig               |     1 |       ||     1
  Use: Scroll            |       |     3 ||     3
       Potion            |       |     2 ||     2
  Eat: Chunk             |       |     3 ||     3
       Meat ration       |       |     1 ||     1
Armor: Leather armour    |     3 |       ||     3
       Ring mail         |    29 |   124 ||   153
Dodge: Dodged            |    66 |   116 ||   182
Block: Shield            |       |    54 ||    54
